 Dungeon Crawl Stone Soup version 0.32-a0-913-g739538a (webtiles) character file.

Game seed: 3287723361136779997

238600 PublicAnimeNo1 the Fetichist (level 19, -25/155 HPs)
             Began as a Coglin Gladiator on Apr 4, 2024.
             Was an Elder of Yredelemnul.
             Killed from afar by a deep elf zephyrmancer (32 damage)
             ... with a bolt of lightning
             ... on level 1 of the Elven Halls on Apr 9, 2024.
             The game lasted 01:25:22 (31532 turns).

PublicAnimeNo1 the Fetichist (Coglin Gladiator)    Turns: 31532, Time: 01:25:23

Health: -25/155    AC: 23    Str: 17    XL:     19   Next: 27%
Magic:  27/27      EV: 16    Int:  8    God:    Yredelemnul [****..]
Gold:   4100       SH:  0    Dex: 24    Spells: 18/18 levels left

rFire   + . .        y - +2 scimitar (freeze) {Yongsun}
rCold   + + .        g - +3 scimitar (flame) {Nittaya}
rNeg    . . .        a - +3 plate armour {rC+}
rPois   .            X - +2 helmet {SInv}
rElec   .            G - scarf {rC+ rF+}
rCorr   .            p - +0 pair of gloves of Responsibility {Str+3 Slay+2}
SInv    +            T - +2 pair of slick slippers {slick, slippery, EV+4}
Will    ++...        (amulet unavailable)
Stlth   +            (ring unavailable)
HPRegen 1.25/turn    (ring unavailable)
MPRegen 0.60/turn    J - gyroemergency samoflange {Will+ Regen+ RegenMP+ Slay+3}

%: no passive effects
@: on fire, glowing, studying Unarmed Combat, revving
A: off-hand wielding, slow wielding, warmup strikes, no jewellery
}: 2/15 runes: decaying, gossamer
a: Renounce Religion, Light the Black Torch, Recall Undead Harvest, Hurl
Torchlight, Bind Soul


You were on level 1 of the Elven Halls.
You worshipped Yredelemnul.
Yredelemnul was aware of your devotion.
You visited 6 branches of the dungeon, and saw 31 of its levels.
You also visited: Ice Cave.

You collected 4142 gold pieces.
You spent 42 gold pieces at shops.

Inventory:

Hand Weapons
 g - a +3 scimitar of flaming (offhand) {Nittaya}
 y - a +2 scimitar of freezing (weapon) {Yongsun}
Missiles
 e - 5 javelins
 f - 4 throwing nets
 i - 4 silver javelins
Armour
 a - a +3 plate armour of cold resistance (worn)
 p - the +0 pair of gloves of Responsibility (worn) {Str+3 Slay+2}
   (You found it on level 4 of the Dungeon)

   Str+3:     It affects your strength (+3).
   Slay+2:    It affects your accuracy & damage with ranged weapons and melee
   (+2).
 z - a +2 cloak
 G - a scarf of resistance (worn)
 L - the +6 scale mail "Heugh" {Will+ MP+9 Int+5}
   (You found it on level 1 of the Lair of Beasts)

   Int+5:     It affects your intelligence (+5).
   Will+:     It increases your willpower.
   MP+9:      It affects your magic capacity (+9).
 T - the +2 pair of slick slippers (worn) {slick, slippery, EV+4}
   (You found it on level 4 of the Spider Nest)

   Slick:     Its wearer cannot be constricted, engulfed, netted, webbed, or
   stopped by binding sigils.
   Slippery:  Its wearer slips away from damaging melee attacks, pulling the
   attacker onward.
   EV+4:      It affects your evasion (+4).
 X - a +2 helmet of see invisible (worn)
Gizmo
 J - a gyroemergency samoflange (installed) {Will+ Regen+ RegenMP+ Slay+3}
   (You invented it yourself on level 5 of the Lair of Beasts)

   [gyroemergency samoflange]

   Slay+3:    It affects your accuracy & damage with ranged weapons and melee
   (+3).
   Will+:     It increases your willpower.
   Regen+:    It increases your rate of health regeneration.
   RegenMP+:  It increases your rate of magic regeneration.
Wands
 m - a wand of warping (23)
 t - a wand of digging (13)
 v - a wand of paralysis (15)
 B - a wand of quicksilver (14)
 E - a wand of mindburst (4) (quivered)
 P - a wand of polymorph (5)
Scrolls
 c - a scroll of enchant armour
 d - a scroll of torment
 n - 15 scrolls of teleportation
 r - 2 scrolls of fear
 w - 5 scrolls of vulnerability
 A - 4 scrolls of immolation
 C - 6 scrolls of fog
 D - 6 scrolls of poison
 N - a scroll of revelation
 O - 9 scrolls of identify
 R - a scroll of acquirement
 S - a scroll of amnesia
 W - a scroll of summoning
Potions
 h - 13 potions of curing
 j - 6 potions of brilliance
 k - 4 potions of haste
 l - 3 potions of heal wounds
 o - 11 potions of mutation
 q - a potion of resistance
 s - 2 potions of cancellation
 F - 3 potions of attraction
 H - 3 potions of enlightenment
 I - 6 potions of might
 M - 2 potions of invisibility {unknown}
 Q - a potion of lignification
 V - 3 potions of ambrosia
Miscellaneous
 K - a sack of spiders (inert)


   Skills:
 + Level 15.2 Fighting
 - Level 14.0 Long Blades
 - Level 1.7 Throwing
 * Level 9.1 Armour
 + Level 14.2 Dodging
 - Level 13.0 Stealth
 + Level 11.1 Invocations
 + Level 15.5 Evocations


You had 18 spell levels left.
You didn't know any spells.
Your spell library contained the following spells:

 Spells                   Type           Power      Damage    Failure   Level
 Apportation              Tloc           0%         N/A       100%        1
 Necrotise                Necr           0%         1d4       100%        1
 Slow                     Hex            0%         N/A       100%        1
 Sting                    Conj/Alch      0%         1d3       100%        1
 Summon Small Mammal      Summ           0%         N/A       100%        1
 Blink                    Tloc           0%         N/A       100%        2
 Cigotuvi's Dreadful Rot  Necr/Alch/Air  0%         N/A       100%        2
 Lesser Beckoning         Tloc           0%         N/A       100%        2
 Momentum Strike          Conj/Tloc      0%         3d8       100%        2
 Scorch                   Fire           0%         2d5       100%        2
 Confusing Touch          Hex            0%         N/A       100%        3
 Hailstorm                Conj/Ice       0%         3d5       100%        3
 Inner Flame              Hex/Fire       0%         N/A       100%        3
 Maxwell's Portable Pile  Tloc           0%         2d(5-13)  100%        3
 Summon Ice Beast         Ice/Summ       0%         N/A       100%        3
 Teleport Other           Tloc           0%         N/A       100%        3
 Vampiric Draining        Necr           0%         2d6       100%        3
 Dispel Undead            Necr           0%         3d6       100%        4
 Flame Wave               Conj/Fire      0%         2d4       100%        4
 Ignite Poison            Fire/Alch      0%         N/A       100%        4
 Martyr's Knell           Necr/Summ      0%         N/A       100%        4
 Vhi's Electric Charge    Tloc/Air       0%         N/A       100%        4
 Arcjolt                  Conj/Air       0%         1d10      100%        5
 Freezing Cloud           Conj/Ice/Air   0%         6-21      100%        5
 Irradiate                Conj/Alch      0%         3d11      100%        5
 Permafrost Eruption      Ice/Erth       0%         2x4d1     100%        6
 Plasma Beam              Fire/Air       0%         2x1d10    100%        6
 Sculpt Simulacrum        Ice/Alch       0%         N/A       100%        6
 Summon Cactus Giant      Summ           0%         N/A       100%        6
 Haunt                    Necr/Summ      0%         N/A       100%        7
 Ozocubu's Refrigeration  Ice            0%         4d7       100%        7
 Borgnjor's Revivificati  Necr           0%         N/A       100%        8
 Ignition                 Fire           0%         3d3       100%        8
 Death's Door             Necr           0%         N/A       100%        9
 Polar Vortex             Ice            0%         N/A       100%        9


Dungeon Overview and Level Annotations

Branches:
Dungeon (15/15)            Temple (0/1) D:7            Lair (5/5) D:9
  Swamp (4/4) Lair:3       Spider (4/4) Lair:2        Slime (0/5) Lair:4
    Orc (2/2) D:10            Elf (1/3) Orc:2        Vaults (0/5) D:13
 Depths (0/4) D:15          IceCv (visited)

Altars:
Ashenzari
Cheibriados
Dithmenos
Elyvilon
Gozag
Kikubaaqudgha
Nemelex Xobeh
Okawaru
Qazlal
Sif Muna
Uskayaw
Vehumet
Wu Jian
Yredelemnul
Zin
The Shining One
Beogh
Jiyva

Shops:
D:4 :   D:5 !   D:10 :   Orc:2 ((:?   Elf:1 :

Annotations:
D:4 1 runed translucent door, Crazy Yiuf
D:7 2 transporters, ooops's ghost, novice CoGl
D:8 Psyche
D:10 2 transporters


Innate Abilities, Weirdness & Mutations

You can wield a second weapon in your off-hand.
It takes a long time for you to wield or remove held weapons.
Your first few attacks do less damage.
You cannot equip rings or amulets.


Message History

The bolt of lightning hits the air elemental.
The air elemental completely resists.
The dead are walking!
The deep elf zephyrmancer casts a spell at you.
The bolt of lightning hits the air elemental.
The air elemental completely resists.
The bolt of lightning hits you!!
* * * LOW HITPOINT WARNING * * *
A bolt of lightning appears from out of your range of vision.
The bolt of lightning hits your deep elf knight zombie!!
The bolt of lightning hits your deep elf zephyrmancer zombie!! x2
Your deep elf zephyrmancer zombie is destroyed!
The bolt of lightning hits your deep elf knight zombie!!
The deep elf zephyrmancer gestures at you while chanting.
The bolt of lightning hits the air elemental.
The air elemental completely resists.
The bolt of lightning hits you!
* * * LOW HITPOINT WARNING * * *
The bolt of lightning hits your deep elf archer zombie!!
You hear a shout! x2
You can move again.
You feel much better. The liquid fire burns you!
* * * LOW HITPOINT WARNING * * *
The air elemental hits you but does no damage.
Your bound shard shrike claws the deep elf zephyrmancer.
The deep elf zephyrmancer dies!
Their soul becomes fuel for the torch.
The air elemental fires a burst of electricity at you.
The stunning burst hits you but does no damage.
You shrug off the repeated paralysis!
An air elemental comes into view.
Your deep elf zephyrmancer zombie hits the air elemental but does no damage.
The air elemental misses you.
Your bound shard shrike closely misses the air elemental.
The deep elf zephyrmancer points at you and mumbles some strange words.
The bolt of lightning hits your deep elf knight zombie!!
The bolt of lightning hits your deep elf pyromancer zombie!!
The bolt of lightning hits you!!
* * * LOW HITPOINT WARNING * * *
The bolt of lightning hits you!!
You die...
Your body rises from the dead as a mindless zombie.

**#'........## #.# ##Z#######'###
*#..........###.# ##Z#.....## *
*#..##....##.Z##.# ##'.....## *
,,,**##..####.##.# #.......# *
*,,***#..#*##.##.# ##.).....##*
**,,*#..§.##e.##.# #.........#*
,,,,...##...e.Z#.# ##.......##*
,,*#..#!.#..##$ZZ# #.......# *
,**##.#,,#.#*##Z@# *#'.....## *
,****,,*#..***#Ee#****.#.....####
,,**,,,§..^,*#..Z..#*,#######)##.
*,,,,,.##.,...e>....'#* ##ZZ.
**,,,,***#.e.....)..##******##...
,**,,,***#.e.[......+,,,,,,,+....
****,,,**...#..ee...#*******#....
+****,,,,.....E....§'** *#..).
*,***,,,,.####..^..##.*****###...


You could see a deep elf pyromancer, 7 deep elf zephyrmancers, 2 air elementals,
a friendly bound shard shrike, a friendly deep elf knight zombie, a friendly
deep elf pyromancer zombie, a friendly deep elf archer zombie and a friendly
deep elf zephyrmancer zombie.

Vanquished Creatures
  A tentacled monstrosity (Swamp:3)
  Kirke (D:14)
  Roxanne (D:14)
  5 emperor scorpions
  A fire giant (D:15)
  A ghost moth (Spider:4)
  A broodmother (Spider:3)
  2 eleionomae
  A white draconian (IceCv)
  3 spark wasps
  3 bunyips
  An entropy weaver (Spider:2)
  A fire dragon (Lair:5)
  2 ice dragons (IceCv)
  Erolcha (D:11)
  9 hydras
  3 boulder beetles
  2 jorogumos (Spider:4)
  Erica (D:10)
  A radroach (Spider:3)
  3 centaur warriors
  A ghost crab (Swamp:3)
  5 ironbound frosthearts (IceCv)
  5 alligators
  A dancing weapon (Elf:1)
  5 two-headed ogres
  9 death yaks (Lair:5)
  An occultist (D:15)
  2 death scarabs
  2 spriggan berserkers
  3 orc high priests (Orc:2)
  A deep elf knight (Elf:1)
  5 pharaoh ants
  2 spriggan riders
  9 skeletal warriors
  An orange crystal statue (IceCv)
  A spriggan druid (Swamp:4)
  4 swamp dragons
  A goliath frog (Swamp:2)
  5 orb spiders
  2 bog bodies
  A lindwurm (Lair:5)
  A thermic dynamo (Elf:1)
  8 deep elf zephyrmancers (Elf:1)
  9 wolf spiders
  5 deep elf pyromancers
  5 orc knights
  A spectral wolf spider (Spider:4)
  6 steelbarb worms
  11 ugly things
  2 will-o-the-wisps (Swamp:2)
  3 manticores
  4 meliai
  4 moths of wrath
  Maurice (D:12)
  2 ice statues (Elf:1)
  6 cyclopes
  3 elephants
  4 black mambas
  A kobold blastminer (Orc:1)
  10 cane toads
  2 torpor snails
  25 rime drakes
  2 redback zombies (Spider:4)
  13 komodo dragons
  An unseen horror (D:12)
  2 steelbarb worm zombies (Spider:4)
  3 trolls
  15 polar bears
  5 hornets
  Grinder (D:3)
  15 tarantellas
  16 jumping spiders
  7 tyrant leeches
  7 blink frogs
  2 dream sheep (Lair:5)
  2 centaur simulacra
  7 slime creatures
  5 spriggans
  A vampire (D:14)
  A water elemental (D:12)
  11 culicivoras
  4 wraiths
  A basilisk (Lair:5)
  6 hogs (D:14)
  45 redbacks
  26 yaks
  A wyvern (Lair:1)
  3 vampire mosquitoes (Swamp:1)
  9 swamp worms
  3 acid dragons
  13 water moccasins
  6 swamp drakes
  An ice beast (D:5)
  23 orc warriors
  A sky beast (D:6)
  7 ogres
  5 wolves
  4 centaurs
  A phantom (D:5)
  2 kobold brigands
  11 bullfrogs
  Blork the orc (D:5)
  3 gnoll sergeants
  A scorpion (D:5)
  An earth elemental (Elf:1)
  11 wights
  A howler monkey (D:13)
  3 electric eels
  2 bombardier beetles
  A hound (D:4)
  3 jellies (D:6)
  21 orc priests
  A gnoll bouda (D:7)
  A sleepcap (D:4)
  7 iguanas
  Terence (D:3)
  14 orc wizards
  17 gnolls
  3 adders
  A white imp (D:5)
  4 ufetubi
  A dart slug (D:2)
  2 ribbon worms
  54 orcs
  11 ball pythons
  5 endoplasms
  2 giant cockroaches
  6 goblins
  5 hobgoblins
  10 jackals
  10 quokkas
  2 bats
  7 frilled lizards
  11 kobolds
  6 rats
740 creatures vanquished.

Vanquished Creatures (collateral kills)
  Mlioglotl (Spider:2)
  A kraken (Swamp:2)
  Frances (Spider:1)
  2 thorn hunters
  A deep elf sorcerer (Elf:1)
  A ghost moth (Spider:4)
  A bunyip (Swamp:2)
  2 eleionomae (Swamp:2)
  An ettin (Orc:2)
  Snorg (D:12)
  An entropy weaver (Spider:2)
  A shambling mangrove (Swamp:4)
  13 hydras
  2 radroaches
  A centaur warrior (D:14)
  2 boulder beetles
  6 alligators
  2 jorogumos (Spider:4)
  A two-headed ogre (D:10)
  A tengu warrior (D:10)
  2 demonic crawlers (Spider:4)
  2 orc high priests (Orc:2)
  4 death scarabs (Spider:4)
  A deep elf knight (Elf:1)
  A skyshark (Lair:5)
  A deep elf archer (Elf:1)
  8 pharaoh ants
  4 skeletal warriors
  6 swamp dragons (Swamp:4)
  6 bog bodies
  2 spectral wolf spiders (Spider:4)
  9 orb spiders
  2 steelbarb worms (Spider:4)
  3 orc knights (Orc:2)
  An ugly thing zombie (IceCv)
  A thermic dynamo (Elf:1)
  A deep elf zephyrmancer (Elf:1)
  A wolf spider zombie (Spider:4)
  A deep elf pyromancer (D:14)
  2 will-o-the-wisps
  An obsidian bat (Orc:2)
  4 wolf spiders
  A cyclops (D:15)
  2 ugly things
  2 kobold blastminers (Orc:1)
  5 meliai
  2 black mambas (Lair:5)
  2 elephants
  A gargoyle (D:11)
  2 cane toads (Lair:3)
  An unseen horror (D:12)
  2 komodo dragons (Lair:3)
  A kobold demonologist (D:12)
  2 redback zombies (Spider:4)
  3 rime drakes
  3 polar bears
  3 trolls
  A tyrant leech (Swamp:3)
  3 spectral jumping spiders (Spider:4)
  2 hornets
  A spectral culicivora (Spider:4)
  12 tarantellas
  3 jumping spider zombies
  12 jumping spiders
  4 blink frogs
  A water elemental (D:12)
  5 culicivoras
  3 spriggans
  A wyvern (Lair:2)
  A basilisk (Lair:5)
  10 yaks
  A vampire mosquito (Swamp:1)
  A hog (D:14)
  23 redbacks
  A basilisk (shapeshifter) (D:14)
  2 acid dragons (Lair:5)
  8 swamp worms
  7 water moccasins
  14 orc warriors
  An ice beast (D:6)
  2 swamp drakes
  3 wolves
  2 rime drake zombies (IceCv)
  A bullfrog (Lair:2)
  A scorpion (D:7)
  An earth elemental (Elf:1)
  A polar bear zombie (IceCv)
  2 electric eels
  15 orc priests
  4 orc wizards
  3 iguanas (Lair:5)
  27 orcs
  2 kobolds (D:10)
  A tentacle (Swamp:2)
319 creatures vanquished.

Vanquished Creatures (others)
  3 spectral humans
  A bunyip zombie (Swamp:2)
  A ghost moth zombie (Spider:4)
  A spriggan rider (Swamp:1)
  A deep elf archer (Elf:1)
  A spectral hydra (Lair:5)
  3 wolf spider zombies
  A deep elf pyromancer (Elf:1)
  A goliath frog zombie (Swamp:2)
  A broodmother zombie (Spider:3)
  A fire giant zombie (D:15)
  An ugly thing zombie (IceCv)
  An eleionoma zombie (Swamp:4)
  4 alligator zombies (Swamp:4)
  3 centaur zombies
  2 steelbarb worm zombies
  A swamp worm zombie (Swamp:4)
  A white draconian zombie (IceCv)
  12 redback zombies
  An orb spider zombie (Spider:4)
  4 hydra zombies (Swamp:4)
  2 bloated husks
  A demonic crawler zombie (Spider:4)
  A spectral entropy weaver (Swamp:4)
  10 tarantella zombies
  A meliai zombie (Spider:4)
  5 jumping spider zombies
  An ettin zombie (Orc:2)
  5 culicivora zombies
  A black mamba zombie (Lair:5)
  An entropy weaver zombie (Spider:2)
  An elephant zombie (Lair:2)
  4 hornet zombies
  4 swamp dragon zombies (Swamp:4)
  An elf zombie (Elf:1)
  A spectral torpor snail (Spider:2)
  A manticore zombie (D:15)
  A hog zombie (D:14)
  8 rime drake zombies
  2 komodo dragon zombies
  A cyclops zombie (D:15)
  7 water moccasin zombies
  6 yak zombies
  4 polar bear zombies
  A troll zombie (D:12)
  2 wolf zombies
  2 bullfrog zombies
  2 ogre zombies
  Jessica (D:3)
  2 acid dragon zombies (Lair:5)
  A vine stalker zombie (D:12)
  4 swamp drake zombies
  2 iguana zombies
  2 gnoll zombies
  43 orc zombies
  17 foxfires
  4 tentacles (Swamp:2)
197 creatures vanquished.

Grand Total: 1256 creatures vanquished

Notes
Turn   | Place    | Note
-------+----------+-------------------------------------------
     0 | D:1      | PublicAnimeNo1 the Coglin Gladiator began the quest for the
                  | Orb.
     0 | D:1      | Reached XP level 1. HP: 16/16 MP: 1/1
   180 | D:1      | You fall into a shaft and drop 1 floor!
   195 | D:2      | Reached XP level 2. HP: 22/22 MP: 2/2
   430 | D:2      | Reached XP level 3. HP: 28/28 MP: 3/3
   516 | D:2      | Reached skill level 1 in Stealth
  1495 | D:1      | Found a faded altar of an unknown god.
  1972 | D:3      | Reached XP level 4. HP: 32/34 MP: 4/4
  2292 | D:3      | Noticed Grinder
  2301 | D:3      | Noticed Terence
  2311 | D:3      | Killed Grinder
  2312 | D:3      | Reached XP level 5. HP: 21/42 MP: 5/5
  2312 | D:3      | Reached XP level 6. HP: 24/48 MP: 6/6
  2454 | D:3      | Killed Terence
  2536 | D:3      | Noticed Jessica
  2546 | D:3      | Killed Jessica
  3092 | D:4      | Found an ornate altar of the Wu Jian Council.
  3175 | D:4      | Identified the +0 pair of gloves of Responsibility {Str+3
                  | Slay+2}
  3241 | D:4      | Reached skill level 1 in Evocations
  3245 | D:4      | Reached XP level 7. HP: 53/53 MP: 7/7
  3279 | D:4      | Found a glowing silver altar of Zin.
  3434 | D:4      | Found Mezukhlyc's Book Shoppe.
  3524 | D:4      | Found a runed translucent door.
  3525 | D:4      | Noticed Crazy Yiuf
  4159 | D:5      | Entered Level 5 of the Dungeon
  4227 | D:5      | Found Yghumissomm's Distillery.
  4235 | D:5      | Bought a potion of curing for 42 gold pieces
  4298 | D:5      | Reached skill level 5 in Long Blades
  4333 | D:5      | Reached XP level 8. HP: 37/61 MP: 8/8
  4421 | D:5      | Found a white marble altar of Elyvilon.
  4526 | D:5      | Identified the +0 ring mail "Ohiciv" {rPois Str+2}
  4816 | D:5      | Found a basalt altar of Yredelemnul.
  4939 | D:5      | Noticed Blork the orc
  4946 | D:5      | Killed Blork the orc
  4947 | D:5      | Reached skill level 5 in Fighting
  4976 | D:5      | Found an ancient bone altar of Kikubaaqudgha.
  4976 | D:5      | Found a shadowy altar of Dithmenos.
  5106 | D:5      | Became a worshipper of Yredelemnul the Fallen
  5378 | D:6      | Reached skill level 5 in Dodging
  5882 | D:6      | Found a radiant altar of Vehumet.
  5882 | D:6      | Found a glowing golden altar of the Shining One.
  5882 | D:6      | Found a snail-covered altar of Cheibriados.
  5884 | D:6      | Found a shimmering blue altar of Sif Muna.
  5888 | D:6      | Found an iron altar of Okawaru.
  6009 | D:7      | Reached XP level 9. HP: 58/68 MP: 9/9
  6107 | D:7      | Reached skill level 5 in Evocations
  6366 | D:7      | Found a staircase to the Ecumenical Temple.
  6439 | D:7      | Found a transporter.
  6476 | D:7      | Reached * piety under Yredelemnul
  6624 | D:7      | Identified the +6 scale mail of Dramatic Exits {Regen+}
  6627 | D:7      | Noticed ooops's ghost (novice CoGl)
  6658 | D:7      | Found a transporter.
  6724 | D:7      | Identified the ring "Vunoqo" {Ice rN+ Dex+3}
  6818 | D:7      | Found a sparkling altar of Nemelex Xobeh.
  7184 | D:8      | Found a stormy altar of Qazlal.
  7248 | D:8      | Reached skill level 5 in Stealth
  7306 | D:8      | Noticed a two-headed ogre
  7314 | D:8      | Noticed Psyche
  7810 | D:8      | Killed a two-headed ogre
  7811 | D:8      | Reached XP level 10. HP: 68/77 MP: 7/10
  9000 | D:9      | Found a staircase to the Lair.
  9107 | D:9      | Found an opulent altar of Gozag.
  9343 | D:9      | Reached ** piety under Yredelemnul
  9519 | D:10     | Entered Level 10 of the Dungeon
  9559 | D:10     | Found a hide-covered altar of Uskayaw.
  9644 | D:10     | Found a staircase to the Orcish Mines.
  9666 | D:10     | Found a transporter.
  9668 | D:10     | Found Ciyczitau's Book Shop.
  9744 | D:10     | Noticed Erica
  9755 | D:10     | Killed Erica
  9888 | D:10     | Noticed a manticore
  9896 | D:10     | Killed a manticore
  9898 | D:10     | Reached XP level 11. HP: 53/84 MP: 11/11
  9988 | D:10     | Noticed a two-headed ogre
  9996 | D:10     | Killed a two-headed ogre
 10053 | D:10     | Noticed a tengu warrior
 10065 | D:10     | Killed a tengu warrior
 10281 | D:10     | Found a transporter.
 10431 | D:11     | Noticed Erolcha
 10439 | D:11     | Killed Erolcha
 10794 | D:11     | Reached skill level 10 in Long Blades
 10794 | D:11     | Reached skill level 1 in Invocations
 10897 | D:11     | Found a roughly hewn altar of Beogh.
 10901 | D:11     | Noticed a boulder beetle
 10919 | D:11     | Killed a boulder beetle
 10971 | D:11     | Reached *** piety under Yredelemnul
 10979 | D:11     | Your ally Erolcha died
 11775 | D:12     | Noticed a cyclops
 11783 | D:12     | Noticed a two-headed ogre
 11784 | D:12     | Killed a cyclops
 11786 | D:12     | Noticed Maurice
 11793 | D:12     | Killed a two-headed ogre
 11794 | D:12     | Reached XP level 12. HP: 57/94 MP: 10/13
 11797 | D:12     | Killed Maurice
 12294 | D:12     | Noticed a two-headed ogre
 12302 | D:12     | Killed a two-headed ogre
 12395 | D:12     | Noticed a two-headed ogre
 12402 | D:12     | Killed a two-headed ogre
 12522 | D:12     | Noticed Snorg
 12530 | D:12     | Your ally Maurice died
 12536 | D:12     | Killed Snorg
 12537 | D:12     | Reached skill level 10 in Evocations
 12919 | Lair:1   | Entered Level 1 of the Lair of Beasts
 13581 | Lair:1   | Identified the +6 scale mail "Heugh" {Will+ MP+9 Int+5}
 14214 | Lair:2   | Noticed a six-headed hydra
 14234 | Lair:2   | Killed a six-headed hydra
 14235 | Lair:2   | Reached XP level 13. HP: 82/101 MP: 15/15
 14331 | Lair:2   | Reached **** piety under Yredelemnul
 14607 | Lair:2   | Found a hole to the Spider Nest.
 15058 | Lair:3   | Found a staircase to the Swamp.
 15878 | Lair:4   | Found a viscous altar of Jiyva.
 15883 | Lair:4   | Found a staircase to the Slime Pits.
 16323 | Lair:4   | Reached skill level 10 in Fighting
 16564 | Lair:5   | Entered Level 5 of the Lair of Beasts
 16647 | Lair:5   | Reached skill level 5 in Invocations
 16769 | Lair:5   | Reached ***** piety under Yredelemnul
 16802 | Lair:5   | Reached XP level 14. HP: 65/110 MP: 17/17
 16802 | Lair:5   | Acquired a gyroemergency samoflange {Will+ Regen+ RegenMP+
                  | Slay+3}
 17437 | Lair:5   | Reached skill level 10 in Dodging
 19094 | D:13     | Found a gate to the Vaults.
 19299 | D:14     | Reached XP level 15. HP: 118/118 MP: 19/19
 19317 | D:14     | Found a broken altar of Ashenzari.
 19577 | D:14     | Noticed Jorgrun
 19592 | D:14     | Killed Jorgrun
 19592 | D:14     | Bound Jorgrun
 19655 | D:14     | Reached skill level 10 in Stealth
 19786 | D:14     | Noticed Roxanne
 20138 | D:14     | Noticed Kirke
 20157 | D:14     | Killed Kirke
 20177 | D:14     | Killed Roxanne
 20217 | D:15     | Entered Level 15 of the Dungeon
 20521 | D:15     | Found a staircase to the Depths.
 20521 | D:15     | Noticed a fire giant
 20543 | D:15     | Killed a fire giant
 21398 | D:15     | Upgraded the game from 0.32-a0-899-geb5ba95 to
                  | 0.32-a0-900-g30fb1b0
 21633 | Spider:1 | Entered Level 1 of the Spider Nest
 21633 | Spider:1 | Noticed Frances
 21652 | Spider:1 | Killed Frances
 22324 | Spider:1 | Identified the serpent talisman "Pipsasypt" {rF- rC++ rN+++
                  | Int-2}
 22324 | Spider:1 | Noticed Aizul
 22335 | Spider:1 | Killed Aizul
 22335 | Spider:1 | Bound Aizul
 22478 | Spider:1 | Noticed Rupert
 22487 | Spider:1 | Killed Rupert
 22487 | Spider:1 | Bound Rupert
 22696 | Spider:2 | Noticed Mlioglotl
 22708 | Spider:2 | HP: 3/108 [pharaoh ant (4)]
 22714 | Spider:2 | Noticed an emperor scorpion
 22715 | Spider:2 | Killed Mlioglotl
 22716 | Spider:2 | Reached skill level 1 in Armour
 22722 | Spider:2 | Your ally Rupert died
 22736 | Spider:2 | Reached XP level 16. HP: 30/127 MP: 21/21
 23786 | Spider:3 | Upgraded the game from 0.32-a0-900-g30fb1b0 to
                  | 0.32-a0-913-g739538a
 24225 | Spider:4 | Entered Level 4 of the Spider Nest
 24405 | Spider:4 | Reached skill level 5 in Armour
 24405 | Spider:4 | Reached XP level 17. HP: 106/133 MP: 23/23
 24476 | Spider:4 | Identified the amulet of the Wild Haggis {Acrobat *Corrode
                  | MP+9 Int+2 Dex+4}
 24499 | Spider:4 | Identified a scroll of acquirement
 24569 | Spider:4 | Identified the +10 broad axe of Okawaru's Benevolence
                  | {speed, *Noise rC+ Will++ rCorr}
 25352 | Spider:4 | Found the +2 pair of slick slippers {slick, slippery, EV+4}
 25380 | Spider:4 | Got a gossamer rune of Zot
 25825 | Orc:1    | Entered Level 1 of the Orcish Mines
 26257 | Orc:2    | Entered Level 2 of the Orcish Mines
 26259 | Orc:2    | Found a staircase to the Elven Halls.
 26312 | Orc:2    | Reached ****** piety under Yredelemnul
 26559 | Orc:2    | Found Tukuejoi's Antique Weapon Emporium.
 26559 | Orc:2    | Found Mojyef's Magic Scroll Emporium.
 26560 | Orc:2    | Found Peun's Antique Weapon Shoppe.
 26560 | Orc:2    | Found Ararinnu's Book Emporium.
 27543 | Swamp:1  | Entered Level 1 of the Swamp
 28061 | Swamp:2  | Reached XP level 18. HP: 138/146 MP: 25/25
 28114 | Swamp:2  | Reached skill level 10 in Invocations
 28320 | Swamp:2  | Identified the +5 mace "Tueziul" {freeze, Str+4 Int+2
                  | Dex+4}
 28845 | Swamp:3  | Noticed a tentacled monstrosity
 28852 | Swamp:3  | Killed a tentacled monstrosity
 29114 | Swamp:4  | Entered Level 4 of the Swamp
 30000 | Swamp:4  | Got a decaying rune of Zot
 30349 | Elf:1    | Entered Level 1 of the Elven Halls
 30405 | Elf:1    | Found Yfeinymn's Book Emporium.
 30445 | Elf:1    | Found a glacial archway.
 30468 | IceCv    | Entered an ice cave
 30543 | IceCv    | Reached skill level 15 in Evocations
 30712 | IceCv    | Reached XP level 19. HP: 148/154 MP: 27/27
 30817 | IceCv    | Reached skill level 15 in Fighting
 31033 | IceCv    | Noticed a shard shrike
 31044 | IceCv    | HP: 3/155 [shard shrike/shard of ice (37)]
 31168 | IceCv    | Killed a shard shrike
 31168 | IceCv    | Bound a shard shrike
 31218 | IceCv    | Identified the amulet "Tox Wiod" {rC++ Will- Regen+ MP+9
                  | SInv}
 31530 | Elf:1    | Paralysed by an air elemental for 1 turns
 31532 | Elf:1    | HP: 7/155 [deep elf zephyrmancer/bolt of lightning (18)]
 31532 | Elf:1    | Killed from afar by a deep elf zephyrmancer

Illustrated notes

Levels and vault maps discovered:
D:1:      dpeg_chamrin_arrival_tetris, layout_loops_ring,
          shapermc_ecumenical_altar_mp_vishouse, minivault_4
D:2:      layout_basic, hex_large
D:3:      layout_basic, uniq_terence, uniq_jessica, uniq_grinder
D:4:      layout_loops_ring, mainiacjoe_overflow_concentric_impassable,
          kennysheep_little_box, serial_shops, nicolae_take_the_stairs,
          uniq_crazy_yiuf_cottage
D:5:      layout_basic, kennysheep_ying_yang, gammafunk_temple_overflow_statue,
          serial_shops, nicolae_shop_trees, uniq_blork_the_orc
D:6:      layout_basic, minitemple
D:7:      layout_loops_corners, nemelex_spade_bored_becter,
          minmay_temple_entry_antechambers, gammafunk_ghost_gnarly_gnolls,
          nicolae_figureground_pulse
D:8:      layout_layer_cave, nicolae_qazlal_general_emergency, uniq_psyche
D:9:      layout_irregular_city, amcnicky_altar_gilded,
          erik_lair_orcish_takeover, minivault_14
D:10:     layout_roguey, nicolae_uskayaw_murder_on_the_dancefloor, orc_0_dummy,
          serial_shops, nicolae_shop_drivethru, uniq_erica
D:11:     layout_roguey [special_room_orc], uniq_erolcha
D:12:     layout_basic, drop_trap, uniq_snorg, uniq_maurice
D:13:     layout_cave_pods, hellmonk_vaults_attempted_burglary
D:14:     layout_grid_maze, nicolae_ashenzari_skybound, uniq_roxanne,
          uniq_jorgrun, uniq_kirke
D:15:     grunt_enter_depths_giant_problem, layout_stronghold,
          chequers_serial_rivers_large_a
Lair:1:   layout_layer_cave, columned_hall_lemuel, grunt_megastairs_1,
          lemuel_fruit_fields
Lair:2:   layout_long_grid, nicolae_spider_entry_orb_guardian,
          chequers_serial_rivers_micro_c, infiniplex_staircase_pool
Lair:3:   layout_hall_layers, minmay_swamp_entry_worms, serial_bayou_lagoon_b
Lair:4:   layout_misc_corridors, slime_entry_1, serial_bayou_crossing
Lair:5:   hangedman_lair_in_review, layout_hall_layers, guppyfry_lair_end_dragon
Swamp:1:  layout_basic_swamp, wheals_swamp_sinkhole
Swamp:2:  layout_basic_swamp, nicolae_swamp_tree_isthmus,
          nicolae_swamp_thats_no_hydra, nicolae_swamp_long_stream
Swamp:3:  layout_basic_swamp, evilmike_swamp_ruin_rubble_2, swamp_pool_1_2
Swamp:4:  swamp_basic_johnstein, layout_basic_swamp
Spider:1: layout_cave_pods, nicolae_spider_webs_and_nodes, uniq_rupert,
          uniq_frances, uniq_aizul
Spider:2: layout_spider_delve, uniq_mlioglotl
Spider:3: layout_spider_delve, guppyfry_spider_mini_3
Spider:4: floodkiller_spider_rune_tomb
Orc:1:    layout_caves
Orc:2:    st_orc_pillars, layout_diamond_mine
Elf:1:    nicolae_elf_arrival_fired_up, layout_geoelf_diagonals,
          portal_ice_cave_entry_ice_statue_two, serial_shops,
          nicolae_shop_behind_doors, minmay_elf_demonology, drop_trap,
          dreamdust_deal_with_the_devil

Skill      XL: |  1  2  3  4  5  6  7  8  9 10 11 12 13 14 15 16 17 18 19 |
---------------+----------------------------------------------------------+-----
Dodging        | 3 4 5 6 7 8 9 10 11 12 13 14 | 14.2
Stealth        | 1 2 3 4 5 6 7 8 9 10 11 12 13 | 13.0
Fighting       | 3 4 5 6 7 8 9 10 11 12 13 14 15 | 15.2
Long Blades    | 4 5 6 7 9 10 11 13 14 | 14.0
Evocations     | 1 3 4 6 8 9 10 11 13 14 15 | 15.5
Invocations    | 2 3 5 6 7 8 9 10 11 | 11.1
Armour         | 1 5 7 8 9 |  9.1
Throwing       | |  1.7

Action                     |  1- 3 |  4- 6 |  7- 9 | 10-12 | 13-15 | 16-18 | 19-21 || total
---------------------------+-------+-------+-------+-------+-------+-------+-------++-------
  Melee: Dagger            |    78 |     4 |       |       |       |       |       ||    82
         Long sword        |    81 |    56 |   157 |       |       |       |       ||   294
         Falchion          |       |    43 |   100 |   205 |   447 |   502 |    77 ||  1374
         Scimitar          |       |       |    56 |   216 |   452 |   514 |   115 ||  1353
  Throw: Throwing net      |       |     4 |       |     3 |       |       |       ||     7
 Invoke: Light the Black T |       |       |     3 |     6 |     7 |     9 |     1 ||    26
         Recall Undead Har |       |       |     2 |     4 |     3 |     9 |     3 ||    21
         Hurl Torchlight   |       |       |       |     4 |     6 |    12 |     1 ||    23
         Bind Soul         |       |       |       |       |     4 |     1 |     4 ||     9
         Fathomless Shackl |       |       |       |       |       |     2 |     1 ||     3
Ability: Invent Gizmo      |       |       |       |       |     1 |       |       ||     1
  Evoke: Wand              |       |       |    17 |     4 |    12 |    48 |     2 ||    83
         Sack of spiders   |       |       |       |       |     1 |     2 |     1 ||     4
    Use: Potion            |     1 |       |       |       |     8 |    10 |     1 ||    20
         Scroll            |     6 |       |     5 |    10 |     7 |     4 |       ||    32
   Stab: Sleeping          |     3 |     1 |     4 |    16 |     5 |    15 |       ||    44
         Held in net/web   |       |     3 |       |       |       |       |       ||     3
         Distracted        |       |       |     2 |     3 |     9 |    24 |     5 ||    43
         Paralysed         |       |       |     2 |     4 |       |       |     4 ||    10
         Confused          |       |       |       |       |       |     1 |       ||     1
 Armour: Leather armour    |    52 |     6 |       |       |       |       |       ||    58
         Ring mail         |       |    30 |   124 |   120 |       |       |       ||   274
         Scale mail        |       |       |       |    13 |   278 |   372 |       ||   663
         Plate armour      |       |       |       |       |       |     9 |   122 ||   131
  Dodge: Dodged            |    54 |    27 |   138 |   192 |   243 |   522 |    81 ||  1257

Table legend: (Time is in decaauts)
 A = Elapsed time spent in this place.
 B = Non-inter-level travel time spent in this place.
 C = Inter-level travel time spent in this place.
 D = Time resting spent in this place.
 E = Time spent auto-exploring this place.
 F = Levels seen in this place.
 G = Mean time per level.
                   A        B        C        D        E       F      G
               +--------+--------+--------+--------+--------+-----+--------+
         Total |  31488 |  29029 |   2459 |   3996 |  19179 |  32 |  984.0 |
       Dungeon |  16552 |  15080 |   1472 |   1273 |  11711 |  15 | 1103.5 |
          Lair |   5632 |   5119 |    513 |    942 |   3383 |   5 | 1126.4 |
         Swamp |   2818 |   2675 |    143 |    486 |   1420 |   4 |  704.5 |
   Spider Nest |   4019 |   3801 |    218 |    983 |   1680 |   4 | 1004.8 |
  Orcish Mines |   1344 |   1234 |    110 |     59 |    805 |   2 |  672.0 |
   Elven Halls |    397 |    397 |      0 |      0 |    179 |   1 |  397.0 |
      Ice Cave |    723 |    723 |      0 |    253 |      0 |   1 |  723.0 |
               +--------+--------+--------+--------+--------+-----+--------+

Top non-repeatable levels by time:
  Lair:5: 1630 daAuts
Spider:4: 1454 daAuts
  Lair:1: 1359 daAuts
     D:8: 1331 daAuts
    D:11: 1325 daAuts
     D:7: 1281 daAuts
    D:12: 1220 daAuts
    D:15: 1202 daAuts
     D:5: 1171 daAuts
     D:3: 1150 daAuts
    D:14: 1123 daAuts
     D:4: 1103 daAuts
    D:10: 1099 daAuts
 Swamp:4: 1093 daAuts
     D:9: 1070 daAuts
